 Dungeon Crawl Stone Soup version 0.19.4-9-g45fd643 (webtiles) character file.

27240 kwel01 the Carver (level 13, -4/116 HPs)
             Began as a Minotaur Berserker on Feb 16, 2017.
             Was a High Priest of Trog.
             Shot with an arrow by Nessos (6 damage)
             ... on level 13 of the Dungeon.
             The game lasted 01:49:57 (13897 turns).

kwel01 the Carver (Minotaur Berserker)             Turns: 13897, Time: 01:49:58

Health: -4/116     AC: 19    Str: 21    XL:     13   Next: 3%
Magic:  4/4        EV:  8    Int:  8    God:    Trog [*****.]
Gold:   440        SH:  0    Dex: 12    Spells: 0 memorised, 12 levels left

rFire  x . .     SeeInvis .     M - +6 double sword (antimagic)
rCold  + . .     Gourm    .     z - +0 plate armour
rNeg   . . .     Faith    .     (no shield)
rPois  .         Spirit   .     (helmet restricted)
rElec  .         Reflect  .     (no cloak)
rCorr  .         Harm     .     j - +0 pair of gloves
MR     .....                    (no boots)
Stlth  ..........               (no amulet)
                                (no ring)
                                P - ring of ice

@: lethally poisoned (-4 -> -37)
A: retaliatory headbutt, horns 2, molten scales 1, blurry vision 2, regeneration
1, screaming 1
a: Berserk, Trog's Hand, Brothers in Arms, Burn Spellbooks, Renounce Religion


You were on level 13 of the Dungeon.
You worshipped Trog.
Trog was extremely pleased with you.
You were not hungry.

You visited 2 branches of the dungeon, and saw 14 of its levels.

You collected 765 gold pieces.
You spent 325 gold pieces at shops.

Inventory:

Hand Weapons
 E - a +0 shortbow
 I - a +6 arbalest of flaming
 M - a +6 antimagic double sword (weapon)
 O - a +3 long sword
 Q - a +1 long sword
Missiles
 r - 3 throwing nets (quivered)
 u - 20 arrows
 J - 9 bolts
Armour
 j - a +0 pair of gloves (worn)
 z - a +0 plate armour (worn)
 C - a +3 buckler
Jewellery
 w - a cursed ring of teleportation {unknown}
 P - a ring of ice (left hand)
Wands
 h - a wand of lightning (7/15)
 k - a wand of flame (34/48)
 l - a wand of flame (43/48)
 q - a wand of teleportation (3/9)
 y - a wand of polymorph (7/24)
 L - a wand of iceblast (5/15)
 N - a wand of slowing (26/48)
Scrolls
 a - a scroll of remove curse
 e - 7 scrolls of identify
 i - 2 scrolls of blinking
 p - 3 scrolls of teleportation
 s - 3 scrolls of fog
 v - 3 scrolls of recharging {unknown}
 A - 3 scrolls of enchant armour
 B - a scroll of magic mapping
 G - a scroll of enchant weapon
Potions
 d - 2 potions of resistance
 g - 5 potions of haste
 m - 5 potions of flight
 o - 8 potions of curing
 t - 2 potions of heal wounds
 x - 2 potions of ambrosia
 H - a potion of mutation {unknown}
 K - a potion of magic {unknown}
Comestibles
 b - 4 meat rations
 c - 10 bread rations
 f - 3 fruits
 n - a slice of pizza
 D - 5 chunks of flesh
 F - a beef jerky


   Skills:
 + Level 11.0 Fighting
   Level 6.8(10.6) Short Blades
 + Level 13.5(14.1) Long Blades
 - Level 5.8 Bows
 + Level 3.2 Crossbows
 + Level 12.4 Armour
 + Level 3.8 Dodging
 + Level 1.0 Stealth
 + Level 7.2 Shields
 + Level 8.4 Unarmed Combat


You had 12 spell levels left.
You didn't know any spells.

Dungeon Overview and Level Annotations

Branches:
Dungeon (13/15)            Temple (1/1) D:4            Lair (0/6) D:8
    Orc (0/2) D:11         Vaults (0/5) D:13

Altars:
Ashenzari
Cheibriados
Dithmenos
Elyvilon
Fedhas
Gozag
Hepliaklqana
Kikubaaqudgha
Makhleb
Nemelex Xobeh
Okawaru
Qazlal
Ru
Sif Muna
Trog
Uskayaw
Vehumet
Xom
Yredelemnul
Zin
The Shining One
Beogh

Shops:
D:6 [}   D:11 *

Annotations:
D:13 Nessos


Innate Abilities, Weirdness & Mutations

You reflexively headbutt those who attack you in melee.
You have a pair of horns on your head.
You are partially covered in molten scales. (AC +2)
Scrolls take you longer to read.
Your natural rate of healing is unusually fast.
You occasionally shout uncontrollably at your foes.


Message History

It bursts into flame!
Nessos shoots an arrow.
The arrow hits you! The arrow burns you.
You are more poisoned.
Nessos shoots an arrow.
The arrow hits you. The arrow burns you.
You are more poisoned.
Things that are here:
4 arrows; a killer bee corpse You feel very sick.
Nessos blinks!
Nessos shoots an arrow.
The arrow hits you but does no damage.
You see here an arrow.
You feel very sick.
Nessos shoots an arrow.
The arrow hits you!!
* * * LOW HITPOINT WARNING * * *
The arrow burns you!
* * * LOW HITPOINT WARNING * * *
Nessos shoots an arrow.
The arrow hits you!
* * * LOW HITPOINT WARNING * * *
The arrow burns you.
You are more poisoned.
You die...

# ##.##.#.....c... #
#................ #
##.#..##..........
#......#..H.......
###.................
..............#...#.
..........§.........
............§#########..
............c)((@.......
########################


You could see Nessos.

Vanquished Creatures
  Kirke (D:12)
  8 vault guards (D:12)
  A hydra (D:12)
  The ghost of graki42 the Slinger, a novice HaHu of Okawaru (D:8)
  An unseen horror (D:11)
  2 hill giants
  Pikel (D:7)
  A cyclops (D:12)
  2 ugly things (D:11)
  2 manticores
  A gargoyle (D:11)
  3 trolls
  A two-headed ogre (D:13)
  A slime creature (D:12)
  5 hippogriffs
  A redback (shapeshifter) (D:13)
  A shadow (D:11)
  A spriggan (D:11)
  A wraith (D:9)
  Eustachio (D:5)
  14 yaks
  3 hungry ghosts
  A water moccasin (D:10)
  8 orc warriors
  3 sky beasts
  11 ice beasts
  A slave (D:7)
  3 black bears
  A necrophage (D:10)
  A hornet zombie (D:11)
  2 phantoms
  2 eyes of draining
  2 wolves (D:8)
  7 ogres
  12 centaurs
  A big kobold (D:7)
  Blork the orc (D:6)
  9 bullfrogs
  A gnoll sergeant (D:10)
  A water moccasin zombie (D:8)
  4 scorpions
  11 killer bees
  6 howler monkeys
  6 crimson imps
  A bullfrog zombie (D:12)
  A jelly (D:5)
  2 quasits (D:7)
  7 orc priests
  5 hounds
  12 orc wizards
  A bullfrog skeleton (D:13)
  6 centaur skeletons
  Ijyb (D:3)
  Jessica (D:3)
  4 iguanas
  6 worker ants
  A killer bee zombie (D:7)
  2 hound zombies
  Robin (D:3)
  7 gnolls
  8 adders
  2 shadow imps
  3 oozes
  An adder skeleton (D:6)
  3 worms (D:3)
  A dart slug (D:1)
  6 leopard geckos
  48 orcs
  2 ball pythons
  4 giant cockroaches
  9 goblins
  10 hobgoblins
  12 jackals
  7 quokkas
  3 bats
  2 frilled lizards
  15 kobolds
  A quokka zombie (D:5)
  4 rats
346 creatures vanquished.

Vanquished Creatures (collateral kills)
  A hydra (D:11)
  2 slime creatures (D:12)
  Grum (D:8)
  An orc warrior (D:8)
  2 wolves (D:8)
  A centaur (D:8)
  A hound (D:8)
  An orc wizard (D:8)
  A worker ant (D:12)
  A leopard gecko (D:8)
  An orc (D:8)
13 creatures vanquished.

Vanquished Creatures (others)
  4 humans (D:12)
  A slave (D:8)
  An orc wizard (D:8)
6 creatures vanquished.

Grand Total: 365 creatures vanquished

Notes
Turn   | Place    | Note
-------+----------+-------------------------------------------
     0 | D:1      | kwel01 the Minotaur Berserker began the quest for the Orb.
     0 | D:1      | Reached XP level 1. HP: 19/19 MP: 0/0
   393 | D:1      | Reached XP level 2. HP: 27/27 MP: 1/1
   402 | D:1      | Reached skill level 4 in Long Blades
  1029 | D:2      | Reached XP level 3. HP: 31/33 MP: 2/2
  1074 | D:2      | Reached ** piety under Trog
  1568 | D:2      | Reached skill level 1 in Unarmed Combat
  1635 | D:3      | Noticed Jessica
  1646 | D:3      | Killed Jessica
  1646 | D:3      | Reached XP level 4. HP: 37/41 MP: 3/3
  1728 | D:3      | Noticed Robin
  1754 | D:3      | Killed Robin
  1754 | D:3      | Reached skill level 5 in Long Blades
  2518 | D:3      | Noticed Ijyb
  2530 | D:3      | Killed Ijyb
  2530 | D:3      | Reached XP level 5. HP: 47/47 MP: 4/4
  2726 | D:4      | Noticed a phantom
  2746 | D:4      | Killed a phantom
  2770 | D:4      | Reached *** piety under Trog
  2819 | D:4      | Found a staircase to the Ecumenical Temple.
  2834 | D:4      | Reached XP level 6. HP: 46/55 MP: 5/5
  2844 | Temple   | Entered the Ecumenical Temple
  3123 | D:4      | Reached skill level 6 in Long Blades
  3951 | D:4      | Reached skill level 5 in Fighting
  3951 | D:4      | Reached XP level 7. HP: 45/61 MP: 6/6
  4103 | D:5      | Entered Level 5 of the Dungeon
  4120 | D:5      | Gained mutation: Your natural rate of healing is unusually fast. [mutagenic meat]
  4121 | D:5      | Gained mutation: Scrolls take you a little longer to read. [mutagenic meat]
  4122 | D:5      | Gained mutation: You occasionally shout uncontrollably at your foes. [mutagenic meat]
  4123 | D:5      | Gained mutation: You are partially covered in molten scales. (AC +2) [mutagenic meat]
  4124 | D:5      | Gained mutation: Scrolls take you longer to read. [mutagenic meat]
  4261 | D:5      | Reached skill level 7 in Long Blades
  4428 | D:5      | Noticed Eustachio
  4434 | D:5      | Killed Eustachio
  4434 | D:5      | Reached skill level 5 in Armour
  4763 | D:5      | Reached XP level 8. HP: 55/68 MP: 7/7
  4916 | D:5      | Reached skill level 1 in Bows
  5307 | D:6      | Found Maoh's Gadget Shoppe.
  5337 | D:6      | Found Culeob's Antique Armour Shoppe.
  5355 | D:6      | Reached skill level 5 in Unarmed Combat
  5435 | D:6      | Reached skill level 1 in Short Blades
  5669 | D:6      | Bought a shiny buckler for 325 gold pieces
  5801 | D:6      | Reached **** piety under Trog
  5867 | D:6      | Noticed Blork the orc
  5883 | D:6      | Killed Blork the orc
  6431 | D:7      | Reached skill level 1 in Shields
  6439 | D:7      | Reached XP level 9. HP: 75/75 MP: 8/8
  6996 | D:8      | Noticed Pikel
  7036 | D:7      | Killed Pikel
  7036 | D:7      | Reached skill level 5 in Short Blades
  7160 | D:8      | Found a staircase to the Lair.
  7251 | D:8      | Reached ***** piety under Trog
  7455 | D:8      | Noticed graki42's ghost (novice HaHu)
  7466 | D:8      | Killed graki42's ghost
  7466 | D:8      | Reached XP level 10. HP: 84/84 MP: 9/9
  7488 | D:8      | Noticed Grum
  7490 | D:8      | Killed Grum
  7874 | D:9      | Reached skill level 8 in Long Blades
  7874 | D:9      | Reached skill level 5 in Shields
  8464 | D:9      | Received a gift from Trog
  8534 | D:9      | Reached skill level 9 in Long Blades
  8848 | D:10     | Entered Level 10 of the Dungeon
  8856 | D:10     | Received a gift from Trog
  9215 | D:10     | Reached skill level 5 in Bows
  9347 | D:10     | Reached XP level 11. HP: 47/93 MP: 10/10
 10152 | D:11     | Reached skill level 1 in Crossbows
 10318 | D:11     | Found a staircase to the Orcish Mines.
 10320 | D:11     | Found a roughly hewn altar of Beogh.
 10372 | D:11     | Killed an unseen horror
 10536 | D:11     | Reached skill level 10 in Long Blades
 10563 | D:11     | Noticed a green ugly thing
 10565 | D:11     | Noticed a hill giant
 10573 | D:11     | Killed a green ugly thing
 10579 | D:11     | Killed a hill giant
 10861 | D:11     | Found Bash's Assorted Antiques.
 10874 | D:11     | Noticed a red ugly thing
 10886 | D:11     | Killed a red ugly thing
 10970 | D:11     | Received a gift from Trog
 11055 | D:11     | Noticed an eight-headed hydra
 11068 | D:11     | Killed a nine-headed hydra
 11068 | D:11     | Reached skill level 11 in Long Blades
 11068 | D:11     | Reached skill level 10 in Armour
 12324 | D:12     | Reached XP level 12. HP: 92/105 MP: 11/11
 12339 | D:12     | Noticed Kirke
 12365 | D:12     | Killed Kirke
 12365 | D:12     | Received a gift from Trog
 12388 | D:12     | Noticed a four-headed hydra
 12406 | D:12     | Killed a 12-headed hydra
 12406 | D:12     | Reached skill level 12 in Long Blades
 12599 | D:12     | Reached skill level 1 in Stealth
 12623 | D:12     | HP: 5/106 [titanic slime creature (49)]
 12990 | D:13     | Found a gate to the Vaults.
 12990 | D:13     | Noticed a vault guard
 12990 | D:13     | Noticed a vault guard
 12990 | D:13     | Noticed a vault guard
 12990 | D:13     | Noticed a vault guard
 12990 | D:13     | Noticed a vault guard
 12991 | D:13     | Noticed a vault guard
 12991 | D:13     | Noticed a vault guard
 12994 | D:13     | Noticed a vault guard
 13018 | D:12     | Killed a vault guard
 13018 | D:12     | Reached skill level 10 in Fighting
 13027 | D:12     | Killed a vault guard
 13141 | D:12     | Killed a vault guard
 13228 | D:12     | Killed a vault guard
 13238 | D:12     | Killed a vault guard
 13361 | D:12     | Killed a vault guard
 13361 | D:12     | Received a gift from Trog
 13418 | D:12     | Killed a vault guard
 13418 | D:12     | Reached skill level 13 in Long Blades
 13430 | D:12     | Killed a vault guard
 13690 | D:13     | Found a frozen archway.
 13820 | D:13     | Reached XP level 13. HP: 113/115 MP: 4/12
 13874 | D:13     | Noticed Nessos
 13897 | D:13     | HP: 2/116 [Nessos/arrow (14)]
 13897 | D:13     | Shot with an arrow by Nessos

Skill      XL: |  1  2  3  4  5  6  7  8  9 10 11 12 13 |
---------------+----------------------------------------+-----
Long Blades    | 4 5 6 7 9 11 13 | 13.5
Fighting       | 4 5 6 7 9 10 11 | 11.0
Unarmed Combat | 1 2 3 4 5 7 8 |  8.4
Armour         | 3 4 5 6 7 8 10 12 | 12.4
Dodging        | 3 |  3.8
Bows           | 4 5 |  5.8
Short Blades   | 3 6 |  6.8
Shields        | 1 4 5 6 7 |  7.2
Crossbows      | 3 |  3.2
Stealth        | 1 |  1.0

Action                   |  1- 3 |  4- 6 |  7- 9 | 10-12 | 13-15 || total
-------------------------+-------+-------+-------+-------+-------++-------
Melee: Falchion          |    63 |   148 |    13 |       |       ||   224
       Headbutt          |    14 |    30 |    83 |   156 |     2 ||   285
       Punch             |       |     1 |     4 |     2 |     1 ||     8
       Scimitar          |       |       |    16 |   626 |       ||   642
       Shortbow          |       |       |     1 |       |       ||     1
       Rapier            |       |       |   379 |    21 |       ||   400
       Double sword      |       |       |       |    91 |    21 ||   112
       Unarmed           |       |       |       |     2 |       ||     2
 Fire: Shortbow          |       |       |    87 |   136 |       ||   223
       Arbalest          |       |       |       |    35 |       ||    35
Invok: Trog's Hand       |       |     2 |     2 |     4 |       ||     8
       Berserk           |       |     1 |     4 |     2 |       ||     7
       Burn Spellbooks   |       |       |     2 |     4 |       ||     6
       Brothers in Arms  |       |       |     1 |     2 |       ||     3
  Use: Scroll            |     4 |       |     6 |     6 |       ||    16
       Potion            |     2 |     2 |     2 |     3 |       ||     9
 Stab: Sleeping          |     1 |       |       |       |       ||     1
  Eat: Chunk             |     2 |     8 |    18 |    29 |     1 ||    58
       Bread ration      |       |       |     1 |       |       ||     1
       Fruit             |       |       |     1 |     2 |       ||     3
Armor: Animal skin       |     3 |       |       |       |       ||     3
       Ring mail         |    10 |    11 |       |       |       ||    21
       Plate armour      |       |    48 |   259 |   375 |    13 ||   695
Dodge: Dodged            |    31 |    54 |   128 |   241 |     9 ||   463
Block: Buckler           |       |       |    87 |   187 |       ||   274
       Rpst.: Falchion   |     7 |    13 |     2 |       |       ||    22
       Scimitar          |       |       |     2 |    42 |       ||    44
       Double sword      |       |       |       |     6 |     4 ||    10
